 Dungeon Crawl Stone Soup version 0.30-a0-305-g026cb31310 (webtiles) character file.

Game seed: 13130683294661506145

2263 EdirashGloemor the Cudgeller (level 9, -1/71 HPs)
             Began as a Barachi Cinder Acolyte on Oct 23, 2022.
             Was a Priest of Ignis.
             Slain by Maggie
             ... wielding a +1 vampiric broad axe
              (14 damage)
             ... on level 7 of the Dungeon.
             The game lasted 00:29:19 (4810 turns).

EdirashGloemor the Cudgeller (BaCA)                 Turns: 4810, Time: 00:29:20

Health: -1/71      AC:  8    Str: 20    XL:     9   Next: 38%
Magic:  6/16       EV: 10    Int: 15    God:    Ignis [***...]
Gold:   377        SH:  0    Dex:  7    Spells: 14/17 levels left

rFire   + . .      SeeInvis .    y - +3 morningstar
rCold   . . .      Faith    .    (no shield)
rNeg    . . .      Spirit   .    h - +0 ring mail
rPois   .          Reflect  .    (no helmet)
rElec   .          Harm     .    j - +0 cloak
rCorr   .          Rampage  .    (no gloves)
Will    +....                    e - +0 pair of boots
Stlth   ..........               (no amulet)
HPRegen 0.31/turn                i - ring of willpower
MPRegen 0.15/turn                (no ring)

@: mesmerised, slow
A: amphibious, slowness 1, strong legs 1, +LOS
a: Hop, Renounce Religion, Fiery Armour, Foxfire Swarm, Rising Flame


You were on level 7 of the Dungeon.
You worshipped Ignis.
Ignis was most pleased with you.
You visited 1 branch of the dungeon, and saw 7 of its levels.

You collected 377 gold pieces.


Innate Abilities, Weirdness & Mutations

You are amphibious.
You cover ground slowly.
You can hop short distances.
You have an extended range of vision and can be seen from far away.


   Skills:
 + Level 6.7 Fighting
 * Level 7.8 Maces & Flails
 + Level 5.3 Armour
 + Level 4.8 Spellcasting
 + Level 4.5 Conjurations
 + Level 6.0 Fire Magic


You had 14 spell levels left.
You knew the following spells:

 Your Spells              Type           Power      Damage    Failure   Level
s - Scorch                Fire           42%        2d7       3%          2
z - Foxfire               Conj/Fire      76%        2x1d7     3%          1

Your spell library contained the following spells:

 Spells                   Type           Power      Damage    Failure   Level
 Magic Dart               Conj           68%        1d6       4%          1
 Searing Ray              Conj           34%        2d5       6%          2
 Sting                    Tmut/Pois      12%        1d3       26%         1
 Summon Small Mammal      Summ           12%        N/A       26%         1
 Poisonous Vapours        Pois/Air       6%         N/A       38%         2
 Call Canine Familiar     Summ           3%         N/A       63%         3
 Portal Projectile        Hex/Tloc       6%         N/A       63%         3
 Summon Guardian Golem    Hex/Summ       3%         N/A       63%         3
 Fireball                 Conj/Fire      9%         3d6       65%         5
 Fulminant Prism          Conj/Hex       5%         3d7       71%         4
 Leda's Liquefaction      Hex/Erth       1%         N/A       95%         4
 Olgreb's Toxic Radiance  Pois           3%         N/A       95%         4
 Starburst                Conj/Fire      9%         6d5       99%         6

Inventory:

Hand Weapons
 a - a -1 mace of flaming
 s - a +0 flail
 y - a +3 morningstar (weapon)
Missiles
 f - 11 poisoned darts
 B - 2 boomerangs
 Q - 62 stones (quivered)
Armour
 b - a +0 robe
 e - a +0 pair of boots (worn)
 h - a +0 ring mail (worn)
 j - a +0 cloak (worn)
Jewellery
 i - a ring of willpower (left hand)
Wands
 k - a wand of flame (22)
 m - a wand of mindburst (14)
 v - a wand of iceblast (6)
Scrolls
 g - 3 scrolls of fear {!r}
 l - a scroll of amnesia
 t - 2 scrolls of teleportation
 u - a scroll of poison {!r}
 w - 2 scrolls of noise {!r}
 z - 4 scrolls of fog
Potions
 c - a potion of magic {!q}
 d - 2 potions of heal wounds {unknown}
 n - 2 potions of flight {unknown}
 o - a potion of might {unknown}
 p - a potion of berserk rage {unknown}
 q - 3 potions of curing {unknown}
 r - a potion of cancellation {unknown}
 x - 2 potions of lignification {unknown}
 A - a potion of attraction {unknown}
 C - a potion of mutation {unknown}

Dungeon Overview and Level Annotations

Branches:
Dungeon (7/15) Zot: 26834  Temple (0/1) D:4

Altars:
Elyvilon
Vehumet
Wu Jian

Shops:
D:2 :   D:4 :

Annotations:
D:3 2 transporters, caelrath's ghost, amateur FoFi
D:7 Maggie

####### .....# .....# ....#
.... ####### #vv#
#.....#########@v### ♣
#.....#..#....#@vv.# ♣♣.
#.....#..#....#vvv.# ♣♣.♣♣
#.....#..#....#vvv.# ♣♣P..♣
#.....#..#....#....# ♣.PPP♣
#.....##'###.####'## #....#
######.....#.##....#####..##
#.....'..#...........#
#..<..#..#..........##
#.....#..#.........##


You could see Maggie (mesmerising, combustible, ally target).


Message History

Maggie is no longer more vulnerable to fire.
Maggie mumbles some strange words.
Maggie attempts to bespell you!
You are mesmerised by Maggie!
You conjure some foxfire!
Maggie hits you with a +1 vampiric broad axe.
* * * LOW HITPOINT WARNING * * *
Maggie barely misses your foxfire.
You take 4 damage, and have 31/71 hp.
You now have 9/16 mp.
Flames lash Maggie.
Maggie's fire resistance burns away.
The foxfire hits Maggie but does no damage.
The foxfire hits Maggie.
Maggie is burned terribly!
Maggie hits you with a +1 vampiric broad axe!
* * * LOW HITPOINT WARNING * * *
Maggie draws strength from your wounds!
You take 10 damage, and have 21/71 hp.
You now have 8/16 mp.
You hit Maggie.
Maggie hits you with a +1 vampiric broad axe.
* * * LOW HITPOINT WARNING * * *
You take 3 damage, and have 18/71 hp.
Hop to where?
Okay, then.
Flames lash Maggie.
Maggie is burned terribly!
Maggie hits you with a +1 vampiric broad axe.
* * * LOW HITPOINT WARNING * * *
You take 6 damage, and have 12/71 hp.
You now have 6/16 mp.
Activating: Foxfire Swarm Flames leap up around you!
Maggie hits you with a +1 vampiric broad axe!
You die...

Skill      XL: |  1  2  3  4  5  6  7  8  9 |
---------------+----------------------------+-----
Armour         | 1 2 3 4 5 |  5.3
Spellcasting   | 2 3 4 |  4.8
Fighting       | 4 5 6 |  6.7
Maces & Flails | 4 5 7 |  7.8
Conjurations   | 1 2 3 4 |  4.5
Fire Magic     | 4 5 6 |  6.0

Action                   |  1- 3 |  4- 6 |  7- 9 || total
-------------------------+-------+-------+-------++-------
Melee: Mace              |   116 |   138 |    62 ||   316
       Morningstar       |       |       |    97 ||    97
       Punch             |       |       |     2 ||     2
 Cast: Scorch            |     4 |    16 |    39 ||    59
       Foxfire           |       |       |    28 ||    28
Invok: Fiery Armour      |       |     2 |     1 ||     3
       Foxfire Swarm     |       |     1 |     1 ||     2
 Abil: Hop               |       |       |     2 ||     2
  Use: Scroll            |       |     5 |     3 ||     8
       Potion            |       |       |     1 ||     1
Armor: Robe              |    24 |       |       ||    24
       Ring mail         |    11 |    92 |    66 ||   169
Dodge: Dodged            |    79 |    97 |    97 ||   273

Levels and vault maps discovered:
D:1:      reono_arrival_mine, layout_basic
D:2:      layout_loops_cross, serial_shops, shop
D:3:      minmay_roachtagon, layout_basic, gammafunk_ghost_smash
D:4:      minmay_opposing_rooms, layout_rooms, mainiacjoe_overflow_catwalk,
          minmay_temple_entry_arrows, serial_shops, kennysheep_mini, uniq_ijyb,
          uniq_sigmund, uniq_menkaure
D:5:      layout_rooms, mainiacjoe_overflow_alcove_2
D:6:      layout_cave_pools, vehumet_statue, uniq_grinder
D:7:      layout_gridville, serial_park_tiny_1, nicolae_figureground_pulse,
          uniq_crazy_yiuf_cottage, uniq_joseph, uniq_maggie, uniq_prince_ribbit1

Notes
Turn   | Place    | Note
-------+----------+-------------------------------------------
     0 | D:1      | EdirashGloemor the Barachi Cinder Acolyte began the quest
                  | for the Orb.
     0 | D:1      | Reached XP level 1. HP: 18/18 MP: 2/2
   138 | D:1      | Reached XP level 2. HP: 12/25 MP: 4/4
   323 | D:1      | Reached skill level 1 in Armour
   372 | D:1      | Learned a level 2 spell: Scorch
   494 | D:1      | Reached XP level 3. HP: 28/30 MP: 5/5
   704 | D:1      | Reached skill level 2 in Spellcasting
  1157 | D:2      | Found Onwit's Book Shoppe.
  1311 | D:2      | Reached skill level 4 in Fighting
  1535 | D:3      | Reached XP level 4. HP: 18/37 MP: 1/7
  1978 | D:3      | Reached skill level 4 in Maces & Flails
  2042 | D:3      | Noticed caelrath's ghost (amateur FoFi)
  2042 | D:3      | Noticed an ogre
  2043 | D:3      | Found a transporter.
  2048 | D:3      | Found a transporter.
  2180 | D:3      | Identified 3 scrolls of fog
  2181 | D:3      | Identified 3 scrolls of teleportation
  2182 | D:3      | Identified 3 scrolls of identify
  2182 | D:3      | Identified 2 potions of magic
  2184 | D:4      | Found a staircase to the Ecumenical Temple.
  2185 | D:4      | Found an ornate altar of the Wu Jian Council.
  2217 | D:4      | Reached skill level 1 in Conjurations
  2239 | D:4      | Reached XP level 5. HP: 27/42 MP: 3/8
  2314 | D:4      | Noticed Ijyb
  2325 | D:4      | Killed Ijyb
  2326 | D:4      | Reached skill level 2 in Armour
  2339 | D:4      | Found Ejadiov's Book Emporium.
  2582 | D:4      | Reached skill level 4 in Fire Magic
  2612 | D:4      | Reached XP level 6. HP: 34/49 MP: 10/10
  2715 | D:4      | Identified 2 scrolls of fear
  2716 | D:4      | Identified a scroll of poison
  2723 | D:4      | Noticed Menkaure
  2726 | D:4      | Killed Menkaure
  2728 | D:4      | Noticed Sigmund
  2743 | D:4      | Killed Sigmund
  2744 | D:4      | Reached skill level 5 in Fighting
  2744 | D:4      | Reached skill level 5 in Maces & Flails
  2744 | D:4      | Reached skill level 3 in Armour
  2744 | D:4      | Reached skill level 3 in Spellcasting
  2744 | D:4      | Reached skill level 2 in Conjurations
  2744 | D:4      | Reached XP level 7. HP: 42/56 MP: 9/11
  2746 | D:4      | Learned a level 1 spell: Foxfire
  3017 | D:4      | Identified 2 scrolls of noise
  3019 | D:5      | Entered Level 5 of the Dungeon
  3314 | D:5      | Reached skill level 3 in Conjurations
  3314 | D:5      | Reached XP level 8. HP: 45/63 MP: 13/13
  3368 | D:5      | Reached skill level 6 in Maces & Flails
  3368 | D:5      | Reached skill level 5 in Fire Magic
  3375 | D:5      | Reached skill level 4 in Armour
  3385 | D:5      | HP: 8/61 [wight/+3 great sword (8)]
  3715 | D:5      | Reached skill level 4 in Spellcasting
  3752 | D:5      | Found a white marble altar of Elyvilon.
  3905 | D:6      | Reached skill level 6 in Fighting
  3951 | D:6      | Found a radiant altar of Vehumet.
  4014 | D:6      | Identified the +1 robe of Somperus {Will++ Str-4 Dex+5}
  4020 | D:6      | Identified a scroll of amnesia
  4049 | D:6      | Reached skill level 7 in Maces & Flails
  4125 | D:6      | Reached skill level 4 in Conjurations
  4127 | D:6      | Reached XP level 9. HP: 63/70 MP: 8/15
  4142 | D:6      | Reached skill level 5 in Armour
  4208 | D:6      | Identified a ring of willpower
  4245 | D:6      | Noticed Grinder
  4253 | D:6      | Killed Grinder
  4700 | D:7      | Reached skill level 6 in Fire Magic
  4793 | D:7      | Noticed Maggie
  4809 | D:7      | HP: 12/71 [Maggie/+1 vampiric broad axe (6)]
  4810 | D:7      | Slain by Maggie

Vanquished Creatures
  Grinder (D:6)
  Sigmund (D:4)
  Menkaure (D:4)
  2 ice beasts
  2 sky beasts
  2 ogres (D:6)
  A centaur (D:5)
  2 phantoms
  2 necrophages (D:6)
  5 wights (D:5)
  2 howler monkeys (D:6)
  A gnoll bouda (D:5)
  3 hounds
  4 iguanas
  Ijyb (D:4)
  2 orc wizards
  A statue (D:6)
  4 gnolls (D:5)
  9 adders
  A shadow imp (D:6)
  A white imp (D:7)
  2 ufetubi
  A dart slug (D:2)
  10 orcs
  3 endoplasms (D:4)
  14 giant cockroaches
  11 goblins
  12 hobgoblins
  12 jackals
  8 kobolds
  5 quokkas
  5 ball pythons
  3 bats
  6 frilled lizards
  3 rats
143 creatures vanquished.

Vanquished Creatures (others)
  62 foxfires
62 creatures vanquished.

Grand Total: 205 creatures vanquished

Table legend: (Time is in decaauts)
 A = Elapsed time spent in this place.
 B = Non-inter-level travel time spent in this place.
 C = Inter-level travel time spent in this place.
 D = Time resting spent in this place.
 E = Time spent auto-exploring this place.
 F = Levels seen in this place.
 G = Mean time per level.
                   A        B        C        D        E       F      G
               +--------+--------+--------+--------+--------+-----+--------+
         Total |   5545 |   5367 |    178 |    763 |   3260 |   7 |  792.1 |
       Dungeon |   5545 |   5367 |    178 |    763 |   3260 |   7 |  792.1 |
               +--------+--------+--------+--------+--------+-----+--------+

Top non-repeatable levels by time:
     D:1: 1125 daAuts
     D:4: 991 daAuts
     D:5: 941 daAuts
     D:6: 872 daAuts
     D:3: 749 daAuts
     D:2: 701 daAuts
     D:7: 164 daAuts

Table legend:
 A = Kills in this place as a percentage of kills in entire the game.
 B = Kills by you in this place as a percentage of kills by you in the entire game.
 C = Kills by friends in this place as a percentage of kills by friends in the entire game.
 D = Other kills in this place as a percentage of other kills in the entire game.
 E = Experience gained in this place as a percentage of experience gained in the entire game.
 F = Experience gained in this place divided by the number of levels of this place that you have seen.
                   A       B       C       D       E      F
               +-------+-------+-------+-------+-------+----------------------
         Total | 100.0 | 100.0 |   N/A |   N/A | 100.0 | 461.9
       Dungeon | 100.0 | 100.0 |   N/A |   N/A | 100.0 | 461.9
               +-------+-------+-------+-------+-------+----------------------

Table legend:
 A = Non-vault XP
 B = Vault XP
 C = Vault XP percentage of total XP
 D = Non-vault monster count
 E = Vault monster count
 F = Vault count percentage of total count
                 A         B        C        D         E       F
            +---------+---------+-------+---------+---------+-------
      Total |    2361 |     872 |  27.0 |     118 |      25 |  17.5
            +---------+---------+-------+---------+---------+-------
        D:1 |      47 |       0 |   0.0 |      28 |       0 |   0.0
        D:2 |      31 |       0 |   0.0 |      11 |       0 |   0.0
        D:3 |      43 |      20 |  31.7 |      12 |      10 |  45.5
        D:4 |     168 |     553 |  76.7 |      28 |      13 |  31.7
        D:5 |     933 |       0 |   0.0 |      18 |       0 |   0.0
        D:6 |     963 |     299 |  23.7 |      16 |       2 |  11.1
        D:7 |     176 |       0 |   0.0 |       5 |       0 |   0.0
            +---------+---------+-------+---------+---------+-------
